 Dungeon Crawl Stone Soup version bcrawl-1.34.4 (webtiles) character file.

Game seed: 3481809530976332386

165770 KristoblXynda the Skirmisher (level 3, -1/33 HPs)
             Began as a Draconian Gladiator on Oct 24, 2021.
             Was an Initiate of Okawaru.
             Slain by Sigmund
             ... wielding a +0 scythe
              (9 damage)
             ... on level 2 of the Dungeon.
             The game lasted 00:01:34 (952 turns).

KristoblXynda the Skirmisher (Draconian Gladiator)   Turns: 952, Time: 00:01:35

Health: -1/33      AC:  6    Str: 17    XL:     3   Next: 92%
Magic:  3/3        EV: 13    Int: 13    God:    Okawaru [......]
Gold:   107        SH:  1    Dex: 12    Spells: 2/2 levels left

rFire    . . .     SeeInvis .   a - +0 long sword
rCold    . . .     Gourm    .   (no shield)
rNeg     . . .     Faith    .   (armour unavailable)
rPois    .         Spirit   .   b - +1 hat
rElec    .         Reflect  .   (no cloak)
rCorr    .         Harm     .   (no gloves)
MR       .....                  (no boots)
Stlth    +.........             (no amulet)
HPRegen  0.11/turn              (no ring)
MPRegen  0.08/turn              (no ring)

@: brilliant, swift (expiring), hasted, very quick
A: unfitting armour, cold-blooded, AC +5
a: Renounce Religion


You were on level 2 of the Dungeon.
You worshipped Okawaru.
Okawaru was noncommittal.
You were hungry.

You visited 1 branch of the dungeon, and saw 2 of its levels.

You collected 107 gold pieces.

Inventory:

Hand Weapons
 a - a +0 long sword (weapon)
Missiles
 c - a throwing net (quivered) {=f}
Armour
 b - a +1 hat (worn)
Scrolls
 g - a scroll of amnesia {unknown}
 k - a scroll of fear {unknown}
 m - a scroll of teleportation {unknown}
 o - 3 scrolls of magic mapping {unknown}
Potions
 f - 2 potions of mutation
 l - a potion of flight
Comestibles
 e - 4 rations {!d}
 n - a chunk of flesh


   Skills:
 + Level 3.9 Fighting
 + Level 3.5 Long Blades
 + Level 2.4 Throwing
 + Level 3.2 Dodging


You had 2 spell levels left.
You didn't know any spells.
Your spell library was empty.

Dungeon Overview and Level Annotations

Branches:
Dungeon (2/12)

Altars:
Lugonu
Okawaru

Annotations:
D:2 Ijyb, Sigmund


Innate Abilities, Weirdness & Mutations

Your plain brown scales are hard. (AC +5)
You cannot fit into any form of body armour.
You are cold-blooded and may be slowed by cold attacks.


Message History

You throw a throwing net {=f}.
The throwing net {=f} barely misses the goblin.
Something hits you.
* * * LOW HITPOINT WARNING * * *
No path to travel!
Throwing (i - inventory)
c - 2 throwing nets (quivered)
{=f}
Press: ? - help, Shift-Dir - straight line, f - goblin
Aim: a goblin You throw a throwing net {=f}.
The throwing net {=f} hits the goblin.
The goblin is caught in the net!
You start to feel a little slower.
The goblin struggles against the net.
No path to travel!
You barely miss something.
The goblin struggles against the net.
Something hits you.
* * * LOW HITPOINT WARNING * * *
You miss something.
You float gracefully downwards.
The goblin struggles against the net.
You miss something. Something hits you!
You die...

###+## ######....#
#.........##
#.........##
#..........#
#..........#
#########...........
#g{@)..........(..#)
#.#################.
##.# ## #..# #
#.g8.8.8.8 #
#.......g. #######
#...g.gg.. #......
#...@..gg. #......
#......... #......


You could see a goblin (caught).

Vanquished Creatures
  An adder (D:2)
  A worm (D:1)
  A dart slug (D:1)
  A leopard gecko (D:2)
  2 orcs (D:2)
  4 bats (D:1)
  A giant cockroach (D:2)
  8 goblins
  6 hobgoblins
  3 jackals (D:1)
  A ball python (D:1)
  2 frilled lizards (D:1)
  6 kobolds
  6 rats
43 creatures vanquished.

Notes
Turn   | Place    | Note
-------+----------+-------------------------------------------
     0 | D:1      | KristoblXynda the Draconian Gladiator began the quest for
                  | the Orb.
     0 | D:1      | Reached XP level 1. HP: 19/19 MP: 1/1
   178 | D:1      | Reached XP level 2. HP: 26/26 MP: 2/2
   276 | D:1      | Reached XP level 3. HP: 13/33 MP: 3/3
   709 | D:2      | Found a corrupted altar of Lugonu.
   748 | D:2      | Found an iron altar of Okawaru.
   795 | D:2      | Became a worshipper of Warmaster Okawaru
   900 | D:2      | Noticed Sigmund
   901 | D:2      | Noticed Ijyb
   952 | D:2      | Slain by Sigmund

Skill      XL: |  1  2 |
---------------+-------+-----
Throwing       | 2 |  2.4
Dodging        | 3 |  3.2
Fighting       | |  3.9
Long Blades    | |  3.5

Action                   || total
-------------------------++-------
Melee: Long sword        ||   124
       Tailslap          ||    21
Throw: Throwing net      ||     2
  Use: Potion            ||     4
       Scroll            ||     1
  Eat: Chunk             ||     3
Armor: Skin              ||    38
Dodge: Dodged            ||   102
Block: Other             ||     1
